Map: Acid Plant LE

Players

Sunny

  • Race: Terran Terran
  • League: Diamond
  • Spawn Location: 5:00

Massacre - Winner!

  • Race: Protoss Protoss
  • League: Diamond
  • Spawn Location: 11:00

VOD

Have the link to the VOD?

Description

Time

  • Played on: Nov. 14, 2018, 11:59 p.m.
  • Length: 11:59
Show
View Real Time Build Order
Export as new Build Order

Sunny Terran 

Build Orders: Reaper Expand 

Get SALT Encoding   

  12  0:01  SCV  
  13  0:13  SCV  
  14  0:17  Supply Depot  
  14  0:25  SCV  
  15  0:39  SCV  
  15  0:40  Barracks  
  16  0:45  Refinery  
  16  0:51  SCV  
  17  1:03  SCV  
  18  1:15  SCV  
  19  1:27  Orbital Command  
  19  1:28  Reaper  
  20  1:44  Command Center  
  20  1:53  Supply Depot  
  20  1:54  SCV  
  20  2:00  Marine  
  22  2:07  SCV  
  23  2:14  Factory  
  23  2:16  Refinery  
  23  2:21  SCV  
  23  2:22  Barracks Reactor  
  24  2:33  SCV  
  25  2:45  SCV  
  26  2:57  SCV  
  27  2:58  Orbital Command  
  27  3:00  Marine x2  
  27  3:01  Widow Mine, Starport  
  30  3:09  SCV  
  30  3:21  SCV, Marine  
  30  3:22  Widow Mine, Marine  
  30  3:25  SCV  
  36  3:33  SCV  
  36  3:37  SCV  
  36  3:39  Medivac, Marine x2  
  41  3:44  Factory Tech Lab  
  41  3:45  SCV  
  42  3:49  SCV  
  42  3:52  Supply Depot  
  43  3:57  Marine x2, SCV  
  46  4:05  Supply Depot  
  46  4:13  Starport Tech Lab, SCV x2, Siege Tank  
  46  4:15  Marine x2  
  53  4:18  Barracks  
  53  4:21  Barracks  
  53  4:26  SCV x2  
  53  4:28  Engineering Bay  
  55  4:33  Marine x2  
  55  4:34  Refinery  
  55  4:35  Refinery  
  55  4:38  SCV  
  58  4:39  Raven  
  58  4:42  SCV  
  61  4:50  SCV  
  62  4:55  Supply Depot  
  62  4:56  Supply Depot  
  62  4:58  Factory Reactor  
  62  5:07  Marine, SCV  
  62  5:16  Marine  
  62  5:17  SCV  
  62  5:19  SCV  
  61  5:23  Terran Infantry Weapons Level 1  
  61  5:24  Supply Depot  
  61  5:25  Stimpack, Supply Depot  
  61  5:26  Marauder  
  63  5:29  SCV  
  63  5:30  Supply Depot  
  63  5:31  Supply Depot  
  63  5:32  Starport Reactor  
  63  5:34  Combat Shield  
  64  5:36  Marauder, Marine x2  
  64  5:42  Widow Mine x2  
  72  5:43  SCV  
  72  5:44  SCV  
  72  5:46  Marine  
  72  5:48  Supply Depot  
  75  5:52  Supply Depot  
  75  5:55  SCV  
  76  5:57  Marine x2  
  76  5:59  Marauder  
  76  6:04  Widow Mine x2  
  78  6:11  Marauder  
  78  6:15  Marine x2  
  78  6:18  Medivac  
  78  6:19  Medivac  
  78  6:20  Marauder  
  84  6:28  Widow Mine, Supply Depot  
  84  6:29  Widow Mine  
  88  6:33  Marauder, Marine  
  88  6:39  Marine  
  89  6:42  Marauder  
  91  6:48  Medivac, SCV x2  
  91  6:49  Medivac  
  99  6:54  Marauder  
  99  6:57  Concussive Shells  
  99  6:59  Barracks  
  99  7:00  SCV, Marine  
  99  7:01  Barracks, Supply Depot  
  101  7:02  Marine  
  101  7:03  Marauder  
  104  7:15  Widow Mine, Marine  
  107  7:16  Widow Mine  
  107  7:18  Marine  
  107  7:19  Marine  
  111  7:24  Marauder  
  113  7:33  Marauder  
  113  7:35  Command Center  
  113  7:37  Terran Infantry Armor Level 1  
  113  7:41  Medivac x2, Marine x2  
  115  7:46  Marauder  
  115  7:50  Barracks Tech Lab  
  115  7:51  Barracks Reactor  
  117  7:54  Marine  
  117  7:57  Barracks  
  117  7:59  Marine  
  118  8:07  Marauder  
  118  8:11  Marine  
  118  8:12  Marauder  
  106  8:13  Marauder  
  106  8:17  Marine  
  85  8:20  SCV x2  
  77  8:27  Marine  
  77  8:28  Marine  
  77  8:29  Marauder, Marine  
  77  8:30  Widow Mine  
  77  8:31  Medivac, Widow Mine  
  77  8:33  Marauder  
  92  8:34  Marauder  
  92  8:35  Marine  
  92  8:38  Medivac  
  95  8:42  Armory  
  95  8:45  Marine  
  96  8:52  Factory, Barracks Reactor  
  96  8:55  Orbital Command  
  96  8:56  SCV  
  96  9:02  SCV, Engineering Bay  
  96  9:08  SCV  
  97  9:10  Marine x4  
  97  9:12  Marine  
  97  9:14  SCV  
  103  9:20  SCV  
  104  9:25  Medivac x2  
  104  9:26  Widow Mine x2, SCV, Marine  
  104  9:27  Marine  
  104  9:29  Marine  
  104  9:30  Marine  
  117  9:32  SCV  
  117  9:35  SCV  
  117  9:36  Sensor Tower  
  120  9:38  Factory Reactor  
  120  9:39  Marauder, Marine  
  120  9:44  SCV  
  124  9:45  Refinery  
  124  9:46  Refinery  
  124  9:51  Marine  
  120  10:01  Marine x5  
  120  10:02  Marauder x2, Marine  
  116  10:09  Marine  
  96  10:19  Marine x5  
  96  10:20  Marauder  
  83  10:22  Marine  
  83  10:23  Marine  
  83  10:27  Marine  
  74  10:36  Marine  
  74  10:37  Marine x3  
  74  10:42  Widow Mine x2, Marine x2  
  82  10:43  Marauder, Marine  
  87  10:54  Marine x3  
  90  10:59  Marine x2  
  90  11:01  Marauder  
  94  11:16  Marine  
Show
View Real Time Build Order
Export as new Build Order

Massacre Protoss - Winner!

Build Orders: 1 Gate Expand, Blink Stalkers 

Get SALT Encoding   

  12  0:01  Probe  
  13  0:13  Probe  
  14  0:21  Pylon  
  14  0:25  Probe  
  15  0:36  Probe  
  15  0:39  Gateway  
  16  0:44  Probe  
  16  0:45  Assimilator  
  17  0:53  Probe  
  18  1:05  Probe  
  19  1:26  Cybernetics Core  
  19  1:30  Probe  
  19  1:32  Nexus  
  19  1:38  Probe  
  19  1:39  Assimilator  
  21  1:49  Pylon  
  21  1:53  Probe  
  22  1:59  Adept  
  22  2:05  Probe  
  24  2:10  Warp Gate  
  24  2:17  Probe  
  25  2:26  Stalker  
  25  2:29  Probe  
  28  2:41  Probe  
  29  2:45  Probe  
  30  2:52  Stalker, Twilight Council  
  30  2:53  Probe  
  30  2:57  Probe  
  34  3:05  Blink, Probe  
  34  3:09  Probe  
  36  3:18  Probe  
  37  3:21  Probe  
  38  3:30  Probe  
  38  3:33  Stalker, Probe  
  42  3:35  Assimilator  
  42  3:39  Gateway  
  42  3:41  Pylon  
  42  3:42  Probe  
  42  3:46  Probe  
  42  3:48  Pylon  
  44  3:54  Probe  
  45  3:56  Gateway  
  45  3:59  Probe  
  45  4:02  Gateway  
  46  4:06  Probe  
  47  4:17  Robotics Facility  
  47  4:18  Probe  
  47  4:20  Probe  
  49  4:24  Stalker  
  49  4:30  Probe  
  52  4:32  Probe  
  53  4:42  Probe  
  54  4:48  Nexus  
  54  4:50  Pylon, Probe  
  55  4:53  Sentry  
  55  4:54  Probe  
  55  4:56  Stalker  
  55  4:57  Charge  
  60  5:02  Stalker  
  60  5:05  Probe  
  55  5:21  Probe x2  
  55  5:26  Observer  
  58  5:29  Stalker x4  
  58  5:33  Probe x2  
  68  5:44  Pylon  
  68  5:45  Probe x2  
  68  5:46  Pylon  
  70  5:51  Forge  
  70  5:52  Forge  
  70  5:55  Protoss Ground Armor Level 1, Protoss Ground Weapons Level 1  
  70  5:56  Assimilator  
  70  5:59  Probe x3  
  70  6:00  Observer  
  74  6:11  Probe x2  
  74  6:12  Probe  
  77  6:21  Observer  
  77  6:23  Probe x2  
  77  6:24  Probe  
  81  6:36  Probe  
  81  6:39  Probe  
  82  6:42  Observer  
  82  6:44  Zealot x2  
  82  6:45  Zealot x2  
  91  6:52  Gateway x2  
  91  6:54  Gateway  
  91  6:57  Gateway  
  91  6:58  Probe x3  
  94  7:04  Gateway, Observer  
  95  7:11  Pylon  
  95  7:12  Zealot x2  
  95  7:13  Zealot  
  101  7:16  Pylon  
  101  7:18  Pylon  
  101  7:20  Pylon  
  101  7:23  Pylon  
  101  7:26  Pylon  
  101  7:30  Protoss Ground Weapons Level 2  
  101  7:31  Protoss Ground Armor Level 2  
  100  7:44  Zealot x2  
  100  7:45  Zealot x2  
  106  7:57  Zealot x4  
  114  7:58  Probe  
  114  7:59  Probe x2  
  114  8:01  Assimilator  
  114  8:05  Assimilator  
  117  8:06  Zealot  
  117  8:07  Zealot x3  
  109  8:18  Zealot x4  
  99  8:26  Probe x2  
  99  8:27  Probe  
  101  8:35  Observer  
  101  8:38  Probe  
  101  8:40  Probe x2  
  104  8:44  Nexus  
  104  8:47  Stalker x3, Pylon  
  104  8:48  Stalker x2  
  114  8:49  Pylon  
  114  8:50  Probe  
  114  8:52  Assimilator  
  115  8:56  Assimilator, Warp Prism  
  115  9:02  Probe  
  118  9:06  Probe  
  118  9:07  Probe  
  120  9:11  Stalker x6  
  120  9:14  Probe  
  133  9:18  Templar Archives  
  133  9:24  Gateway  
  133  9:26  Gateway  
  133  9:32  Observer  
  134  9:40  Zealot x4  
  134  9:41  Zealot x2  
  134  9:44  Zealot x2  
  134  9:45  Zealot  
  152  10:08  Stalker x2  
  152  10:09  Stalker x5  
  152  10:10  Stalker x2  
  153  10:35  Stalker  
  155  10:36  Zealot x4  
  155  10:37  Zealot  
  163  10:43  Probe  
  163  10:45  Probe x2  
  164  11:10  Pylon  
  164  11:12  Pylon  
  164  11:14  Pylon  
  164  11:17  Pylon  
  142  11:37  Zealot x2  
  142  11:38  Zealot x2  
  142  11:39  Zealot x5  
  142  11:40  Zealot x2  
Tags
 
Add a new tag
Caveats
  • Supply blocks, unpowered buildings, or Contaminate may cause inaccurate times.
  • Supply counts are checked every 10 seconds.